San Jose Sharks vs Los Angeles Kings

Created - Thursday, March 14, 2024 at 06:48

Goals
1 2 3 T
San Jose Sharks 1 2 1 4
Los Angeles Kings 0 0 2 2
Shots
1 2 3 T
San Jose Sharks 20 9 10 39
Los Angeles Kings 8 8 11 27

1st period

1. San Jose Sharks , Dmitry Orlov 5 (Ryan Hartman 9, Andreas Athanasiou 7) at 11:28

Penalties :
Joshua Brown (LAK) for Roughing (Minor) at 12:56, Connor Murphy (SJS) for Hooking (Minor) at 16:26

2nd period

2. San Jose Sharks , Christian Dvorak 8 (Adam Henrique 16, Ivan Barbashev 16) at 0:38
3. San Jose Sharks , Adam Henrique 11 (Christian Dvorak 13, William Karlsson 13) at 5:00

Penalties :
Derek Forbort (SJS) for Holding (Minor) at 15:28

3rd period

4. Los Angeles Kings , Andrei Svechnikov 7 (Andrei Kuzmenko 11, Seth Jarvis 15) at 12:16
5. Los Angeles Kings , Noah Dobson 6 (Cole Perfetti 11, K'Andre Miller 7) at 13:17
6. San Jose Sharks , Ryan Hartman 7 (Valeri Nichushkin 23, Andreas Athanasiou 8) at 19:39 (Empty Net)

Penalties :
Connor Murphy (SJS) for Hooking (Minor) at 3:20, Andrei Svechnikov (LAK) for Interference (Minor) at 6:35, Connor Murphy (SJS) for Elbowing (Minor) at 13:20, John Hayden (SJS) for Cross-checking (Minor) at 17:10

Goalie Stats

Ilya Samsonov (SJS), 25 saves from 27 shots - (0.926), W, 13-11-4, 60:00 minutes
John Gibson (LAK), 35 saves from 38 shots - (0.921), L, 12-13-2, 59:38 minutes

Players Stats for San Jose Sharks

Player Name              G  A  P  +/- PIM S  H  SB GA TA FO     MP     PP MP  PK MP  
------------------------------------------------------------------------------------
Adam Henrique            1  1  2   1  0   5  3  0  0  0  11/17  18:10   0:58   4:49 
Andreas Athanasiou       0  2  2   1  0   3  0  0  0  0  0/0    13:13   0:00   0:00 
Christian Dvorak         1  1  2   1  0   2  1  1  1  1  1/2    13:12   0:58   0:07 
Christopher Tanev        0  0  0   1  0   1  0  0  0  0  0/0    16:54   0:09   1:49 
Connor Murphy            0  0  0  -1  6   1  2  0  0  0  0/0    20:00   2:40   1:39 
Derek Forbort            0  0  0   2  2   0  1  2  0  0  0/0    20:59   1:09   3:25 
Dmitry Orlov             1  0  1   2  0   5  3  1  0  2  0/0    22:29   1:18   4:51 
Dylan Strome             0  0  0   0  0   1  1  0  0  0  2/3    19:26   3:00   4:49 
Ilya Mikheyev            0  0  0   0  0   1  0  1  0  0  0/0     8:26   0:00   0:00 
Ivan Barbashev           0  1  1   1  0   3  3  1  1  1  0/0    13:05   0:58   0:00 
Jack Roslovic            0  0  0   0  0   2  1  0  0  0  0/0    13:00   0:00   0:16 
John Hayden              0  0  0   0  2   1  2  0  0  1  3/5     8:26   0:00   0:00 
Ryan Hartman             1  1  2   1  0   5  1  0  0  0  8/11   13:13   0:00   0:00 
Simon Nemec              0  0  0   1  0   1  1  1  0  0  0/0    17:33   0:00   3:06 
Valeri Nichushkin        0  1  1   1  0   1  2  2  0  0  0/1    20:33   3:00   4:59 
Victor Olofsson          0  0  0   0  0   4  0  1  1  0  0/0     8:26   0:00   0:00 
William Karlsson         0  1  1   0  0   2  2  0  0  0  8/13   19:55   3:00   4:50 
Zachary Werenski         0  0  0  -1  0   1  0  2  0  0  0/0    23:00   2:40   5:00 

Players Stats for Los Angeles Kings

Player Name              G  A  P  +/- PIM S  H  SB GA TA FO     MP     PP MP  PK MP  
------------------------------------------------------------------------------------
Alexander Radulov        0  0  0  -1  0   1  1  0  0  0  4/13   19:44   4:47   1:56 
Alexander Romanov        0  0  0  -1  0   2  2  0  1  1  0/0    23:35   5:09   1:50 
Andrei Kuzmenko          0  1  1   1  0   0  2  1  1  0  0/1    19:24   5:00   1:59 
Andrei Svechnikov        1  0  1   1  2   4  1  1  0  2  1/1    18:24   5:03   0:57 
Cole Perfetti            0  1  1   0  0   2  2  1  1  0  4/12   16:39   4:50   0:55 
Cooper Marody            0  0  0  -1  0   1  0  0  0  0  1/3     9:18   0:00   0:00 
Erik Brannstrom          0  0  0   0  0   0  1  2  0  0  0/0    13:15   0:00   0:00 
Jakub Zboril             0  0  0  -1  0   0  2  0  0  0  0/0     9:10   0:00   0:00 
Joshua Brown             0  0  0   0  2   0  1  2  0  0  0/0    13:14   0:00   0:00 
K'Andre Miller           0  1  1  -1  0   0  1  4  0  0  0/0    23:35   5:09   1:50 
Marco Rossi              0  0  0   0  0   0  1  0  0  0  0/0    15:39   4:47   0:00 
Noah Dobson              1  0  1  -1  0   5  0  1  0  0  0/0    23:10   4:46   2:08 
Owen Power               0  0  0  -1  0   1  2  2  1  0  0/0    23:10   4:46   2:08 
Peyton Krebs             0  0  0  -2  0   2  3  0  1  0  0/0    14:01   0:08   0:13 
Ryan Reaves              0  0  0  -1  0   2  1  1  0  0  1/2    11:31   0:08   0:00 
Seth Jarvis              0  1  1   1  0   1  3  0  0  0  8/19   19:21   5:00   1:56 
Trent Frederic           0  0  0  -1  0   5  0  0  0  0  0/0    13:08   0:00   0:00 
Vitali Kravtsov          0  0  0  -2  0   1  0  0  0  0  0/1     9:42   0:02   0:00 

3 Stars

1 - Adam Henrique (SJS)
2 - Christian Dvorak (SJS)
3 - Dmitry Orlov (SJS)

Power Play

San Jose Sharks - 0 on 2 Attempt(s) - 0.00%
Los Angeles Kings - 0 on 5 Attempt(s) - 0.00%

Penalty Kill

San Jose Sharks - 5 on 5 Attempt(s) - 100.00% - Score 0 goal in Penalty Kill
Los Angeles Kings - 2 on 2 Attempt(s) - 100.00% - Score 0 goal in Penalty Kill

Team Stat

San Jose Sharks - Hits : 23 - Faceoff Wins : 33 - Blocked Shots : 12 - Penalty Minutes : 10
Los Angeles Kings - Hits : 23 - Faceoff Wins : 19 - Blocked Shots : 15 - Penalty Minutes : 4

Official

Referees : Rob Martell and Justin StPierre
Linesman : Jonny Murray and Mark Shewchyk

Game Notes

Ryan Hartman has scored in a empty net!

Finance

Level 1 -- Attendance: 4475 (74.58%) -- Ticket Income $447,500
Level 2 -- Attendance: 3641 (72.82%) -- Ticket Income $218,460
Level 3 -- Attendance: 2123 (70.77%) -- Ticket Income $74,305
Level 4 -- Attendance: 3924 (78.48%) -- Ticket Income $98,100
Luxury Box -- Attendance: 816 (81.60%) -- Ticket Income $163,200
Game was played at the Staples Center.
Total Attendance: 14979 (74.90%)
Total Ticket Income: $1,001,565
Other Income: $350,548
Total Income: $1,352,113

San Jose Sharks

5 vs 5 Forward 
   Center                   Left Wing                Right Wing               Time % Phy DF OF 
 1 William Karlsson         Valeri Nichushkin        Dylan Strome             30     1   2  2  
 2 Adam Henrique            Christian Dvorak         Ivan Barbashev           30     1   2  2  
 3 Ryan Hartman             Andreas Athanasiou       Jack Roslovic            25     1   2  2  
 4 John Hayden              Victor Olofsson          Ilya Mikheyev            15     1   2  2  

5 vs 5 Defense 
   Defense                  Defense                                           Time % Phy DF OF 
 1 Dmitry Orlov             Derek Forbort                                     35     1   2  2  
 2 Zachary Werenski         Connor Murphy                                     35     1   2  2  
 3 Christopher Tanev        Simon Nemec                                       30     1   2  2  
 4 Dmitry Orlov             Derek Forbort                                     0      1   2  2  

PowerPlay Forward 
   Center                   Left Wing                Right Wing               Time % Phy DF OF 
 1 William Karlsson         Valeri Nichushkin        Dylan Strome             50     1   2  2  
 2 Adam Henrique            Christian Dvorak         Ivan Barbashev           50     1   2  2  

PowerPlay Defense
   Defense                  Defense                                           Time % Phy DF OF 
 1 Dmitry Orlov             Derek Forbort                                     50     1   2  2  
 2 Zachary Werenski         Connor Murphy                                     50     1   2  2  

Penalty Kill 4 Players Forward 
   Center                   Wing                     Time % Phy DF OF 
 1 Valeri Nichushkin        William Karlsson         50     1   2  2  
 2 Adam Henrique            Dylan Strome             50     1   2  2  

Penalty Kill 4 Players Defense
   Defense                  Defense                  Time % Phy DF OF 
 1 Dmitry Orlov             Derek Forbort            50     1   2  2  
 2 Zachary Werenski         Connor Murphy            50     1   2  2  

Penalty Kill - 3 Players Forward 
   Forward                                           Time % Phy DF OF 
 1 Valeri Nichushkin                                 50     1   2  2  
 2 William Karlsson                                  50     1   2  2  

Penalty Kill - 3 Players Defense
   Defense                  Defense                  Time % Phy DF OF 
 1 Dmitry Orlov             Derek Forbort            50     1   2  2  
 2 Zachary Werenski         Connor Murphy            50     1   2  2  

4 vs 4 Forward 
   Center                   Wing                     Time % Phy DF OF 
 1 Valeri Nichushkin        William Karlsson         50     1   2  2  
 2 Adam Henrique            Dylan Strome             50     1   2  2  

4 vs 4 Defense
   Defense                  Defense                  Time % Phy DF OF 
 1 Dmitry Orlov             Derek Forbort            50     1   2  2  
 2 Zachary Werenski         Connor Murphy            50     1   2  2  

Last Minutes Offensive
   Center                   Left Wing                Right Wing               Defense                  Defense                  
   William Karlsson         Valeri Nichushkin        Dylan Strome             Dmitry Orlov             Derek Forbort            

Last Minutes Defensive
   Center                   Left Wing                Right Wing               Defense                  Defense                  
   William Karlsson         Valeri Nichushkin        Dylan Strome             Dmitry Orlov             Derek Forbort            

Goaltenders
Starting : Ilya Samsonov            
Backup : Logan Thompson           

Extra Forwards
Normal : Ryan Hartman, Andreas Athanasiou, Jack Roslovic - PP : Ryan Hartman, Andreas Athanasiou - PK : Jack Roslovic
Extra Defensemen
Normal : Christopher Tanev, Simon Nemec, Zachary Werenski - PP : Christopher Tanev - PK : Simon Nemec, Zachary Werenski
Penalty Shots
Valeri Nichushkin, William Karlsson, Adam Henrique, Dylan Strome, Christian Dvorak

Los Angeles Kings

5 vs 5 Forward 
   Center                   Left Wing                Right Wing               Time % Phy DF OF 
 1 Seth Jarvis              Andrei Svechnikov        Andrei Kuzmenko          30     1   2  2  
 2 Alexander Radulov        Trent Frederic           Peyton Krebs             30     1   2  2  
 3 Cole Perfetti            Ryan Reaves              Marco Rossi              25     1   2  2  
 4 Cooper Marody            Vitali Kravtsov          Jakub Zboril             15     1   2  2  

5 vs 5 Defense 
   Defense                  Defense                                           Time % Phy DF OF 
 1 K'Andre Miller           Alexander Romanov                                 35     1   2  2  
 2 Noah Dobson              Owen Power                                        35     1   2  2  
 3 Joshua Brown             Erik Brannstrom                                   30     1   2  2  
 4 K'Andre Miller           Alexander Romanov                                 0      1   2  2  

PowerPlay Forward 
   Center                   Left Wing                Right Wing               Time % Phy DF OF 
 1 Seth Jarvis              Andrei Svechnikov        Andrei Kuzmenko          50     1   2  2  
 2 Alexander Radulov        Cole Perfetti            Marco Rossi              50     1   2  2  

PowerPlay Defense
   Defense                  Defense                                           Time % Phy DF OF 
 1 K'Andre Miller           Alexander Romanov                                 50     1   2  2  
 2 Noah Dobson              Owen Power                                        50     1   2  2  

Penalty Kill 4 Players Forward 
   Center                   Wing                     Time % Phy DF OF 
 1 Andrei Svechnikov        Andrei Kuzmenko          50     1   2  2  
 2 Alexander Radulov        Seth Jarvis              50     1   2  2  

Penalty Kill 4 Players Defense
   Defense                  Defense                  Time % Phy DF OF 
 1 K'Andre Miller           Alexander Romanov        50     1   2  2  
 2 Noah Dobson              Owen Power               50     1   2  2  

Penalty Kill - 3 Players Forward 
   Forward                                           Time % Phy DF OF 
 1 Andrei Svechnikov                                 50     1   2  2  
 2 Andrei Kuzmenko                                   50     1   2  2  

Penalty Kill - 3 Players Defense
   Defense                  Defense                  Time % Phy DF OF 
 1 K'Andre Miller           Alexander Romanov        50     1   2  2  
 2 Noah Dobson              Owen Power               50     1   2  2  

4 vs 4 Forward 
   Center                   Wing                     Time % Phy DF OF 
 1 Andrei Svechnikov        Andrei Kuzmenko          50     1   2  2  
 2 Alexander Radulov        Seth Jarvis              50     1   2  2  

4 vs 4 Defense
   Defense                  Defense                  Time % Phy DF OF 
 1 K'Andre Miller           Alexander Romanov        50     1   2  2  
 2 Noah Dobson              Owen Power               50     1   2  2  

Last Minutes Offensive
   Center                   Left Wing                Right Wing               Defense                  Defense                  
   Seth Jarvis              Andrei Svechnikov        Andrei Kuzmenko          K'Andre Miller           Alexander Romanov        

Last Minutes Defensive
   Center                   Left Wing                Right Wing               Defense                  Defense                  
   Seth Jarvis              Andrei Svechnikov        Andrei Kuzmenko          K'Andre Miller           Alexander Romanov        

Goaltenders
Starting : John Gibson              
Backup : Jonas Johansson          

Extra Forwards
Normal : Marco Rossi, Alexander Radulov, Cole Perfetti - PP : Marco Rossi, Alexander Radulov - PK : Cole Perfetti
Extra Defensemen
Normal : Joshua Brown, Erik Brannstrom, Noah Dobson - PP : Joshua Brown - PK : Erik Brannstrom, Noah Dobson
Penalty Shots
Andrei Svechnikov, Andrei Kuzmenko, Cole Perfetti, Seth Jarvis, Alexander Radulov


% Time on Ice - San Jose Sharks

Lines # - Real PCT - Wanted PCT - Time Play
Normal Forward
1 - 26% - 30% - 12:05
2 - 27% - 30% - 12:23
3 - 28% - 25% - 12:44
4 - 18% - 15% - 8:26
Normal Defense
1 - 35% - 35% - 15:51
2 - 35% - 35% - 15:46
3 - 31% - 30% - 14:01
4 - 0% - 0% - 0:00
PP Forward
1 - 76% - 50% - 3:00
2 - 24% - 50% - 0:58
PP Defense
1 - 33% - 50% - 1:18
2 - 67% - 50% - 2:40
PK Forward
1 - 50% - 50% - 4:59
2 - 50% - 50% - 4:56
PK Defense
1 - 49% - 50% - 4:51
2 - 51% - 50% - 5:04
PK3 Forward
1 - 0% - 50%
2 - 0% - 50%
PK3 Defense
1 - 0% - 50%
2 - 0% - 50%
44 Forward
1 - 0% - 50%
2 - 0% - 50%
44 Defense
1 - 0% - 50%
2 - 0% - 50%
Last Minute Offensive  - 0:00
Last Minute Defensive  - 0:29
Total
Forward - 60:00
Defense - 60:00

% Time on Ice - Los Angeles Kings

Lines # - Real PCT - Wanted PCT - Time Play
Normal Forward
1 - 27% - 30% - 12:25
2 - 29% - 30% - 13:13
3 - 24% - 25% - 10:51
4 - 20% - 15% - 9:10
Normal Defense
1 - 35% - 35% - 16:08
2 - 36% - 35% - 16:16
3 - 29% - 30% - 13:15
4 - 0% - 0% - 0:00
PP Forward
1 - 51% - 50% - 5:03
2 - 49% - 50% - 4:52
PP Defense
1 - 52% - 50% - 5:09
2 - 48% - 50% - 4:46
PK Forward
1 - 47% - 50% - 1:53
2 - 53% - 50% - 2:05
PK Defense
1 - 46% - 50% - 1:50
2 - 54% - 50% - 2:08
PK3 Forward
1 - 0% - 50%
2 - 0% - 50%
PK3 Defense
1 - 0% - 50%
2 - 0% - 50%
44 Forward
1 - 0% - 50%
2 - 0% - 50%
44 Defense
1 - 0% - 50%
2 - 0% - 50%
Last Minute Offensive  - 0:28
Last Minute Defensive  - 0:00
Total
Forward - 60:00
Defense - 60:00

Play-by-Play

1st period


0:01 of 1st period - William Karlsson wins face-off versus Seth Jarvis in neutral zone.
0:58 of 1st period - Slapshot by Ryan Hartman.
0:58 of 1st period - Shot Blocked by K'Andre Miller.
1:14 of 1st period - Wrist shot by Victor Olofsson.
1:14 of 1st period - Stopped by John Gibson with a rebound.
1:16 of 1st period - Wrist shot by Ilya Mikheyev.
1:16 of 1st period - Shot Misses the Net.
1:18 of 1st period - Slapshot by Connor Murphy.
1:18 of 1st period - Shot Blocked by Noah Dobson.
1:20 of 1st period - Slapshot by John Hayden.
1:20 of 1st period - Deflect By Victor Olofsson.
1:20 of 1st period - Stopped by John Gibson with a rebound.
1:30 of 1st period - Valeri Nichushkin is hit by Seth Jarvis and loses puck.
1:39 of 1st period - Slapshot by Andrei Svechnikov.
1:39 of 1st period - Stopped by Ilya Samsonov with a rebound.
1:41 of 1st period - Slapshot by Seth Jarvis.
1:41 of 1st period - Deflect By Valeri Nichushkin.
1:41 of 1st period - Stopped by Ilya Samsonov without a rebound.
1:42 of 1st period - Cole Perfetti wins face-off versus Christian Dvorak in San Jose Sharks zone.
2:11 of 1st period - Wrist shot by Ilya Mikheyev.
2:11 of 1st period - Shot Misses the Net.
2:13 of 1st period - Slapshot by Derek Forbort.
2:13 of 1st period - Deflect By Ilya Mikheyev.
2:13 of 1st period - Shot Blocked by Joshua Brown.
2:13 of 1st period - Puck is out of play.
2:14 of 1st period - Alexander Radulov wins face-off versus John Hayden in Los Angeles Kings zone.
2:33 of 1st period - Slapshot by Victor Olofsson.
2:33 of 1st period - Stopped by John Gibson with a rebound.
2:35 of 1st period - Snap shot by John Hayden.
2:35 of 1st period - Shot Misses the Net.
2:37 of 1st period - Slapshot by Derek Forbort.
2:37 of 1st period - Shot Misses the Net.
2:39 of 1st period - Wrist shot by Ilya Mikheyev.
2:39 of 1st period - Shot Misses the Net.
3:03 of 1st period - Slapshot by Victor Olofsson.
3:03 of 1st period - Shot Misses the Net.
3:21 of 1st period - Snap shot by Ilya Mikheyev.
3:21 of 1st period - Stopped by John Gibson with a rebound.
3:25 of 1st period - Wrist shot by Victor Olofsson.
3:25 of 1st period - Stopped by John Gibson without a rebound.
3:26 of 1st period - Ryan Hartman wins face-off versus Alexander Radulov in Los Angeles Kings zone.
3:35 of 1st period - Slapshot by Andreas Athanasiou.
3:35 of 1st period - Stopped by John Gibson with a rebound.
3:40 of 1st period - Off-side.
3:41 of 1st period - Cooper Marody wins face-off versus Adam Henrique in neutral zone.
3:55 of 1st period - Slapshot by Adam Henrique.
3:55 of 1st period - Shot Hit the Post.
4:12 of 1st period - Snap shot by Trent Frederic.
4:12 of 1st period - Stopped by Ilya Samsonov without a rebound.
4:13 of 1st period - Dylan Strome wins face-off versus Ryan Reaves in San Jose Sharks zone.
4:40 of 1st period - Zachary Werenski is hit by Peyton Krebs and loses puck.
4:47 of 1st period - Slapshot by Trent Frederic.
4:47 of 1st period - Stopped by Ilya Samsonov with a rebound.
4:53 of 1st period - Alexander Romanov is hit by Connor Murphy and loses puck.
5:10 of 1st period - Snap shot by Adam Henrique.
5:10 of 1st period - Stopped by John Gibson without a rebound.
5:11 of 1st period - Adam Henrique wins face-off versus Seth Jarvis in Los Angeles Kings zone.
5:16 of 1st period - Slapshot by Adam Henrique.
5:16 of 1st period - Stopped by John Gibson without a rebound.
5:17 of 1st period - Adam Henrique wins face-off versus Seth Jarvis in Los Angeles Kings zone.
5:50 of 1st period - Slapshot by Dylan Strome.
5:50 of 1st period - Stopped by John Gibson without a rebound.
5:51 of 1st period - Ryan Hartman wins face-off versus Cole Perfetti in Los Angeles Kings zone.
5:52 of 1st period - Snap shot by Jack Roslovic.
5:52 of 1st period - Deflect By Joshua Brown.
5:52 of 1st period - Stopped by John Gibson with a rebound.
5:54 of 1st period - Wrist shot by Jack Roslovic.
5:54 of 1st period - Shot Misses the Net.
5:56 of 1st period - Slapshot by Connor Murphy.
5:56 of 1st period - Shot Misses the Net.
6:02 of 1st period - Snap shot by Ryan Hartman.
6:02 of 1st period - Stopped by John Gibson with a rebound.
6:04 of 1st period - Slapshot by Connor Murphy.
6:04 of 1st period - Shot Misses the Net.
6:06 of 1st period - Wrist shot by Andreas Athanasiou.
6:06 of 1st period - Stopped by John Gibson with a rebound.
6:16 of 1st period - Dylan Strome is hit by Joshua Brown and loses puck.
6:27 of 1st period - Erik Brannstrom is hit by Valeri Nichushkin and loses puck.
6:44 of 1st period - Snap shot by Victor Olofsson.
6:44 of 1st period - Shot Misses the Net.
6:46 of 1st period - Snap shot by John Hayden.
6:46 of 1st period - Stopped by John Gibson with a rebound.
8:12 of 1st period - Snap shot by Victor Olofsson.
8:12 of 1st period - Shot Misses the Net.
8:34 of 1st period - Wrist shot by Andrei Svechnikov.
8:34 of 1st period - Shot Blocked by Derek Forbort.
8:58 of 1st period - Wrist shot by Cole Perfetti.
8:58 of 1st period - Stopped by Ilya Samsonov with a rebound.
9:28 of 1st period - Joshua Brown is hit by Ivan Barbashev and loses puck.
9:45 of 1st period - Erik Brannstrom is hit by Christian Dvorak and loses puck.
10:02 of 1st period - Slapshot by Noah Dobson.
10:02 of 1st period - Stopped by Ilya Samsonov with a rebound.
10:08 of 1st period - Wrist shot by Vitali Kravtsov.
10:08 of 1st period - Shot Blocked by Christian Dvorak.
10:37 of 1st period - Slapshot by Adam Henrique.
10:37 of 1st period - Stopped by John Gibson with a rebound.
10:39 of 1st period - Wrist shot by Adam Henrique.
10:39 of 1st period - Stopped by John Gibson with a rebound.
10:41 of 1st period - Slapshot by Christopher Tanev.
10:41 of 1st period - Shot Misses the Net.
10:47 of 1st period - Wrist shot by Adam Henrique.
10:47 of 1st period - Deflect By Ivan Barbashev.
10:47 of 1st period - Stopped by John Gibson with a rebound.
10:49 of 1st period - Wrist shot by Christopher Tanev.
10:49 of 1st period - Deflect By K'Andre Miller.
10:49 of 1st period - Stopped by John Gibson without a rebound.
10:50 of 1st period - Seth Jarvis wins face-off versus William Karlsson in Los Angeles Kings zone.
11:05 of 1st period - Wrist shot by Andrei Svechnikov.
11:05 of 1st period - Stopped by Ilya Samsonov with a rebound.
11:26 of 1st period - Wrist shot by Ryan Hartman.
11:26 of 1st period - Stopped by John Gibson with a rebound.
11:28 of 1st period - Slapshot by Dmitry Orlov.
11:28 of 1st period - Deflect By Erik Brannstrom.
11:28 of 1st period - Goal by Dmitry Orlov - San Jose Sharks : 1 - Los Angeles Kings : 0.
11:29 of 1st period - William Karlsson wins face-off versus Alexander Radulov in neutral zone.
11:32 of 1st period - Alexander Romanov is hit by Connor Murphy and loses puck.
12:22 of 1st period - Ilya Mikheyev is hit by Marco Rossi and loses puck.
12:56 of 1st period - Minor Penalty to Joshua Brown for Roughing.
12:57 of 1st period - Andrei Svechnikov wins face-off versus Dylan Strome in Los Angeles Kings zone.
13:23 of 1st period - Seth Jarvis is hit by Dmitry Orlov and loses puck.
14:56 of 1st period - Penalty to Joshua Brown is over, Joshua Brown is back on ice.
15:12 of 1st period - Slapshot by Cole Perfetti.
15:12 of 1st period - Stopped by Ilya Samsonov with a rebound.
15:14 of 1st period - Snap shot by Ryan Reaves.
15:14 of 1st period - Deflect By Cole Perfetti.
15:14 of 1st period - Shot Misses the Net.
15:14 of 1st period - Puck is out of play.
15:15 of 1st period - Ryan Hartman wins face-off versus Vitali Kravtsov in San Jose Sharks zone.
16:26 of 1st period - Minor Penalty to Connor Murphy for Hooking.
16:27 of 1st period - Seth Jarvis wins face-off versus Valeri Nichushkin in San Jose Sharks zone.
16:27 of 1st period - Snap shot by Andrei Svechnikov.
16:27 of 1st period - Shot Misses the Net.
16:29 of 1st period - Slapshot by Alexander Romanov.
16:29 of 1st period - Shot Misses the Net.
16:31 of 1st period - Slapshot by Alexander Romanov.
16:31 of 1st period - Shot Blocked by Derek Forbort.
16:33 of 1st period - Slapshot by Alexander Romanov.
16:33 of 1st period - Shot Blocked by Valeri Nichushkin.
18:26 of 1st period - Penalty to Connor Murphy is over, Connor Murphy is back on ice.
19:15 of 1st period - Backhand shot by Victor Olofsson.
19:15 of 1st period - Shot Misses the Net.
19:17 of 1st period - Slapshot by Christopher Tanev.
19:17 of 1st period - Shot Blocked by Erik Brannstrom.
19:19 of 1st period - Backhand shot by Simon Nemec.
19:19 of 1st period - Deflect By Erik Brannstrom.
19:19 of 1st period - Stopped by John Gibson without a rebound.
19:20 of 1st period - John Hayden wins face-off versus Cole Perfetti in Los Angeles Kings zone.
19:35 of 1st period - Wrist shot by Victor Olofsson.
19:35 of 1st period - Shot Misses the Net.
19:47 of 1st period - Jack Roslovic is hit by K'Andre Miller and loses puck.
Goals for this period are 1 for San Jose Sharks vs 0 for Los Angeles Kings.
Shots for this period are 20 for San Jose Sharks vs 8 for Los Angeles Kings.

2nd period


0:01 of 2nd period - Seth Jarvis wins face-off versus William Karlsson in neutral zone.
0:12 of 2nd period - Slapshot by Valeri Nichushkin.
0:12 of 2nd period - Shot Blocked by Owen Power.
0:18 of 2nd period - Dmitry Orlov is hit by Seth Jarvis and loses puck.
0:31 of 2nd period - Noah Dobson is hit by Ivan Barbashev and loses puck.
0:36 of 2nd period - Wrist shot by Ivan Barbashev.
0:36 of 2nd period - Stopped by John Gibson with a rebound.
0:38 of 2nd period - Snap shot by Adam Henrique.
0:38 of 2nd period - Deflect By Christian Dvorak.
0:38 of 2nd period - Goal by Christian Dvorak - San Jose Sharks : 2 - Los Angeles Kings : 0.
0:39 of 2nd period - William Karlsson wins face-off versus Seth Jarvis in neutral zone.
1:13 of 2nd period - K'Andre Miller is hit by Valeri Nichushkin and loses puck.
1:26 of 2nd period - Slapshot by Cooper Marody.
1:26 of 2nd period - Shot Blocked by Dmitry Orlov.
1:34 of 2nd period - Snap shot by Cooper Marody.
1:34 of 2nd period - Stopped by Ilya Samsonov with a rebound.
1:36 of 2nd period - Snap shot by Cooper Marody.
1:36 of 2nd period - Shot Misses the Net.
1:38 of 2nd period - Slapshot by Owen Power.
1:38 of 2nd period - Stopped by Ilya Samsonov without a rebound.
1:39 of 2nd period - Seth Jarvis wins face-off versus Adam Henrique in San Jose Sharks zone.
1:48 of 2nd period - Snap shot by Andrei Svechnikov.
1:48 of 2nd period - Shot Misses the Net.
2:12 of 2nd period - Off-side.
2:13 of 2nd period - Alexander Radulov wins face-off versus Adam Henrique in neutral zone.
2:33 of 2nd period - K'Andre Miller is hit by Adam Henrique and loses puck.
3:06 of 2nd period - Snap shot by Ryan Hartman.
3:06 of 2nd period - Shot Blocked by K'Andre Miller.
3:08 of 2nd period - Slapshot by Ryan Hartman.
3:08 of 2nd period - Stopped by John Gibson with a rebound.
3:16 of 2nd period - Snap shot by Jack Roslovic.
3:16 of 2nd period - Shot Blocked by K'Andre Miller.
3:38 of 2nd period - Snap shot by Andrei Svechnikov.
3:38 of 2nd period - Stopped by Ilya Samsonov with a rebound.
3:56 of 2nd period - Wrist shot by Cooper Marody.
3:56 of 2nd period - Shot Blocked by Ivan Barbashev.
3:58 of 2nd period - Slapshot by Owen Power.
3:58 of 2nd period - Shot Misses the Net.
4:00 of 2nd period - Slapshot by Noah Dobson.
4:00 of 2nd period - Deflect By Christian Dvorak.
4:00 of 2nd period - Stopped by Ilya Samsonov without a rebound.
4:01 of 2nd period - Ryan Hartman wins face-off versus Cole Perfetti in San Jose Sharks zone.
4:56 of 2nd period - Wrist shot by William Karlsson.
4:56 of 2nd period - Shot Blocked by Owen Power.
4:58 of 2nd period - Snap shot by Christian Dvorak.
4:58 of 2nd period - Shot Misses the Net.
5:00 of 2nd period - Wrist shot by Adam Henrique.
5:00 of 2nd period - Goal by Adam Henrique - San Jose Sharks : 3 - Los Angeles Kings : 0.
5:01 of 2nd period - William Karlsson wins face-off versus Seth Jarvis in neutral zone.
5:08 of 2nd period - Snap shot by Valeri Nichushkin.
5:08 of 2nd period - Shot Misses the Net.
5:10 of 2nd period - Backhand shot by Derek Forbort.
5:10 of 2nd period - Shot Misses the Net.
5:32 of 2nd period - Slapshot by Noah Dobson.
5:32 of 2nd period - Stopped by Ilya Samsonov with a rebound.
6:16 of 2nd period - Snap shot by Ilya Mikheyev.
6:16 of 2nd period - Shot Misses the Net.
6:18 of 2nd period - Slapshot by Dmitry Orlov.
6:18 of 2nd period - Stopped by John Gibson with a rebound.
6:20 of 2nd period - Snap shot by Andreas Athanasiou.
6:20 of 2nd period - Shot Blocked by Erik Brannstrom.
6:22 of 2nd period - Slapshot by Dmitry Orlov.
6:22 of 2nd period - Stopped by John Gibson with a rebound.
6:24 of 2nd period - Slapshot by Dmitry Orlov.
6:24 of 2nd period - Stopped by John Gibson with a rebound.
6:26 of 2nd period - Snap shot by Andreas Athanasiou.
6:26 of 2nd period - Shot Misses the Net.
7:26 of 2nd period - Slapshot by Alexander Radulov.
7:26 of 2nd period - Shot Blocked by Zachary Werenski.
8:02 of 2nd period - Noah Dobson is hit by William Karlsson and loses puck.
8:33 of 2nd period - Wrist shot by Cole Perfetti.
8:33 of 2nd period - Deflect By Ryan Reaves.
8:33 of 2nd period - Shot Misses the Net.
8:33 of 2nd period - Puck is out of play.
8:34 of 2nd period - Ryan Hartman wins face-off versus Seth Jarvis in San Jose Sharks zone.
8:59 of 2nd period - Wrist shot by Trent Frederic.
8:59 of 2nd period - Deflect By Peyton Krebs.
8:59 of 2nd period - Stopped by Ilya Samsonov without a rebound.
9:00 of 2nd period - Adam Henrique wins face-off versus Alexander Radulov in San Jose Sharks zone.
9:00 of 2nd period - Ivan Barbashev is hit by Peyton Krebs and loses puck.
9:15 of 2nd period - Wrist shot by Peyton Krebs.
9:15 of 2nd period - Shot Misses the Net.
9:25 of 2nd period - Erik Brannstrom is hit by Simon Nemec and loses puck.
10:20 of 2nd period - Cooper Marody is hit by John Hayden and loses puck.
10:43 of 2nd period - Wrist shot by Alexander Radulov.
10:43 of 2nd period - Shot Misses the Net.
11:17 of 2nd period - Snap shot by Zachary Werenski.
11:17 of 2nd period - Stopped by John Gibson without a rebound.
11:18 of 2nd period - Ryan Hartman wins face-off versus Alexander Radulov in Los Angeles Kings zone.
11:43 of 2nd period - Andrei Kuzmenko is hit by Dmitry Orlov.
13:11 of 2nd period - Zachary Werenski is hit by Andrei Kuzmenko and loses puck.
13:20 of 2nd period - Icing by K'Andre Miller.
13:21 of 2nd period - Adam Henrique wins face-off versus Seth Jarvis in Los Angeles Kings zone.
13:24 of 2nd period - Slapshot by Adam Henrique.
13:24 of 2nd period - Deflect By Andrei Kuzmenko.
13:24 of 2nd period - Shot Blocked by Joshua Brown.
13:24 of 2nd period - Puck is out of play.
13:25 of 2nd period - Adam Henrique wins face-off versus Alexander Radulov in Los Angeles Kings zone.
13:45 of 2nd period - Adam Henrique is hit by Peyton Krebs.
14:30 of 2nd period - Snap shot by Andreas Athanasiou.
14:30 of 2nd period - Shot Misses the Net.
14:32 of 2nd period - Snap shot by Jack Roslovic.
14:32 of 2nd period - Shot Misses the Net.
15:02 of 2nd period - Marco Rossi is hit by Ivan Barbashev and loses puck.
15:28 of 2nd period - Minor Penalty to Derek Forbort for Holding.
15:29 of 2nd period - Dylan Strome wins face-off versus Alexander Radulov in San Jose Sharks zone.
15:29 of 2nd period - Dylan Strome is hit by Cole Perfetti.
15:54 of 2nd period - Andrei Svechnikov is hit by Dmitry Orlov and loses puck.
16:03 of 2nd period - Adam Henrique is hit by Alexander Romanov and loses puck.
16:14 of 2nd period - William Karlsson is hit by Alexander Radulov and loses puck.
16:35 of 2nd period - Adam Henrique is hit by Cole Perfetti and loses puck.
16:52 of 2nd period - Alexander Romanov is hit by Dylan Strome and loses puck.
17:28 of 2nd period - Penalty to Derek Forbort is over, Derek Forbort is back on ice.
17:43 of 2nd period - William Karlsson is hit by Jakub Zboril and loses puck.
18:33 of 2nd period - Icing by Simon Nemec.
18:34 of 2nd period - Alexander Radulov wins face-off versus John Hayden in San Jose Sharks zone.
18:35 of 2nd period - Backhand shot by Peyton Krebs.
18:35 of 2nd period - Shot Blocked by Victor Olofsson.
18:37 of 2nd period - Snap shot by Alexander Radulov.
18:37 of 2nd period - Shot Misses the Net.
18:39 of 2nd period - Wrist shot by Alexander Radulov.
18:39 of 2nd period - Shot Blocked by Simon Nemec.
18:41 of 2nd period - Snap shot by Noah Dobson.
18:41 of 2nd period - Stopped by Ilya Samsonov with a rebound.
18:43 of 2nd period - Wrist shot by Trent Frederic.
18:43 of 2nd period - Stopped by Ilya Samsonov without a rebound.
18:44 of 2nd period - Adam Henrique wins face-off versus Alexander Radulov in San Jose Sharks zone.
18:55 of 2nd period - Peyton Krebs is hit by Adam Henrique and loses puck.
19:34 of 2nd period - Slapshot by Dmitry Orlov.
19:34 of 2nd period - Deflect By Alexander Radulov.
19:34 of 2nd period - Stopped by John Gibson without a rebound.
19:35 of 2nd period - Adam Henrique wins face-off versus Seth Jarvis in Los Angeles Kings zone.
19:51 of 2nd period - Off-side.
19:52 of 2nd period - William Karlsson wins face-off versus Cole Perfetti in neutral zone.
Goals for this period are 2 for San Jose Sharks vs 0 for Los Angeles Kings.
Shots for this period are 9 for San Jose Sharks vs 8 for Los Angeles Kings.

3rd period


0:01 of 3rd period - Seth Jarvis wins face-off versus Adam Henrique in neutral zone.
0:26 of 3rd period - Marco Rossi is hit by William Karlsson and loses puck.
1:24 of 3rd period - Zachary Werenski is hit by Owen Power and loses puck.
1:34 of 3rd period - Off-side.
1:35 of 3rd period - Cole Perfetti wins face-off versus William Karlsson in neutral zone.
2:00 of 3rd period - K'Andre Miller is hit by Adam Henrique and loses puck.
2:23 of 3rd period - Wrist shot by Andreas Athanasiou.
2:23 of 3rd period - Stopped by John Gibson without a rebound.
2:24 of 3rd period - Ryan Reaves wins face-off versus Ryan Hartman in Los Angeles Kings zone.
2:24 of 3rd period - Ryan Reaves is hit by Derek Forbort.
2:32 of 3rd period - Slapshot by Alexander Romanov.
2:32 of 3rd period - Stopped by Ilya Samsonov with a rebound.
2:52 of 3rd period - Wrist shot by Peyton Krebs.
2:52 of 3rd period - Stopped by Ilya Samsonov with a rebound.
2:54 of 3rd period - Slapshot by Trent Frederic.
2:54 of 3rd period - Shot Misses the Net.
2:58 of 3rd period - Wrist shot by Trent Frederic.
2:58 of 3rd period - Stopped by Ilya Samsonov without a rebound.
2:59 of 3rd period - Seth Jarvis wins face-off versus William Karlsson in San Jose Sharks zone.
3:20 of 3rd period - Minor Penalty to Connor Murphy for Hooking.
3:21 of 3rd period - Adam Henrique wins face-off versus Seth Jarvis in San Jose Sharks zone.
3:31 of 3rd period - Dylan Strome is hit by Andrei Kuzmenko and loses puck.
3:46 of 3rd period - Zachary Werenski is hit by Owen Power and loses puck.
4:07 of 3rd period - Dmitry Orlov is hit by Seth Jarvis.
5:20 of 3rd period - Penalty to Connor Murphy is over, Connor Murphy is back on ice.
5:32 of 3rd period - Slapshot by Jack Roslovic.
5:32 of 3rd period - Stopped by John Gibson with a rebound.
5:34 of 3rd period - Slapshot by Ryan Hartman.
5:34 of 3rd period - Stopped by John Gibson with a rebound.
6:04 of 3rd period - Trent Frederic is hit by John Hayden and loses puck.
6:17 of 3rd period - Wrist shot by Christian Dvorak.
6:17 of 3rd period - Stopped by John Gibson without a rebound.
6:18 of 3rd period - Seth Jarvis wins face-off versus Adam Henrique in Los Angeles Kings zone.
6:29 of 3rd period - Snap shot by Ivan Barbashev.
6:29 of 3rd period - Shot Blocked by Andrei Kuzmenko.
6:35 of 3rd period - Minor Penalty to Andrei Svechnikov for Interference.
6:36 of 3rd period - William Karlsson wins face-off versus Cole Perfetti in Los Angeles Kings zone.
6:39 of 3rd period - Snap shot by Valeri Nichushkin.
6:39 of 3rd period - Shot Misses the Net.
6:41 of 3rd period - Slapshot by Connor Murphy.
6:41 of 3rd period - Shot Blocked by Cole Perfetti.
6:43 of 3rd period - Wrist shot by Valeri Nichushkin.
6:43 of 3rd period - Stopped by John Gibson with a rebound.
6:45 of 3rd period - Slapshot by Zachary Werenski.
6:45 of 3rd period - Deflect By Valeri Nichushkin.
6:45 of 3rd period - Shot Misses the Net.
6:45 of 3rd period - Puck is out of play.
6:46 of 3rd period - Cole Perfetti wins face-off versus William Karlsson in Los Angeles Kings zone.
7:30 of 3rd period - Slapshot by Valeri Nichushkin.
7:30 of 3rd period - Shot Misses the Net.
8:30 of 3rd period - Snap shot by William Karlsson.
8:30 of 3rd period - Stopped by John Gibson with a rebound.
8:32 of 3rd period - Slapshot by Connor Murphy.
8:32 of 3rd period - Shot Misses the Net.
8:34 of 3rd period - Slapshot by Connor Murphy.
8:34 of 3rd period - Stopped by John Gibson without a rebound.
8:35 of 3rd period - Penalty to Andrei Svechnikov is over, Andrei Svechnikov is back on ice.
8:35 of 3rd period - Christian Dvorak wins face-off versus Cooper Marody in Los Angeles Kings zone.
8:36 of 3rd period - Wrist shot by Adam Henrique.
8:36 of 3rd period - Shot Misses the Net.
9:30 of 3rd period - Wrist shot by Ilya Mikheyev.
9:30 of 3rd period - Shot Blocked by Andrei Svechnikov.
9:48 of 3rd period - Wrist shot by Christian Dvorak.
9:48 of 3rd period - Deflect By Owen Power.
9:48 of 3rd period - Shot Misses the Net.
9:48 of 3rd period - Puck is out of play.
9:49 of 3rd period - Adam Henrique wins face-off versus Cole Perfetti in Los Angeles Kings zone.
10:14 of 3rd period - K'Andre Miller is hit by Jack Roslovic.
10:28 of 3rd period - Andrei Svechnikov is hit by Ryan Hartman and loses puck.
10:37 of 3rd period - Wrist shot by Victor Olofsson.
10:37 of 3rd period - Deflect By John Hayden.
10:37 of 3rd period - Shot Misses the Net.
10:37 of 3rd period - Puck is out of play.
10:38 of 3rd period - John Hayden wins face-off versus Cole Perfetti in Los Angeles Kings zone.
10:46 of 3rd period - Snap shot by Cole Perfetti.
10:46 of 3rd period - Shot Misses the Net.
11:10 of 3rd period - Wrist shot by Andrei Svechnikov.
11:10 of 3rd period - Shot Misses the Net.
11:27 of 3rd period - Snap shot by Jack Roslovic.
11:27 of 3rd period - Shot Misses the Net.
12:10 of 3rd period - Off-side.
12:11 of 3rd period - Seth Jarvis wins face-off versus Adam Henrique in neutral zone.
12:16 of 3rd period - Snap shot by Andrei Svechnikov.
12:16 of 3rd period - Goal by Andrei Svechnikov - San Jose Sharks : 3 - Los Angeles Kings : 1.
12:17 of 3rd period - William Karlsson wins face-off versus Andrei Kuzmenko in neutral zone.
12:49 of 3rd period - Snap shot by Ivan Barbashev.
12:49 of 3rd period - Stopped by John Gibson with a rebound.
13:08 of 3rd period - Ryan Hartman is hit by Alexander Romanov and loses puck.
13:17 of 3rd period - Slapshot by Noah Dobson.
13:17 of 3rd period - Goal by Noah Dobson - San Jose Sharks : 3 - Los Angeles Kings : 2.
13:18 of 3rd period - William Karlsson wins face-off versus Seth Jarvis in neutral zone.
13:20 of 3rd period - Minor Penalty to Connor Murphy for Elbowing.
13:21 of 3rd period - Adam Henrique wins face-off versus Seth Jarvis in San Jose Sharks zone.
15:20 of 3rd period - Penalty to Connor Murphy is over, Connor Murphy is back on ice.
15:35 of 3rd period - Snap shot by Vitali Kravtsov.
15:35 of 3rd period - Shot Misses the Net.
15:37 of 3rd period - Slapshot by Alexander Romanov.
15:37 of 3rd period - Deflect By Andreas Athanasiou.
15:37 of 3rd period - Stopped by Ilya Samsonov without a rebound.
15:38 of 3rd period - Ryan Hartman wins face-off versus Alexander Radulov in San Jose Sharks zone.
15:38 of 3rd period - Ryan Hartman is hit by Erik Brannstrom.
15:46 of 3rd period - Wrist shot by Alexander Radulov.
15:46 of 3rd period - Deflect By Peyton Krebs.
15:46 of 3rd period - Shot Misses the Net.
15:46 of 3rd period - Puck is out of play.
15:47 of 3rd period - Alexander Radulov wins face-off versus Ryan Hartman in San Jose Sharks zone.
15:50 of 3rd period - Slapshot by Alexander Radulov.
15:50 of 3rd period - Stopped by Ilya Samsonov with a rebound.
15:52 of 3rd period - Snap shot by Trent Frederic.
15:52 of 3rd period - Shot Misses the Net.
15:54 of 3rd period - Slapshot by Joshua Brown.
15:54 of 3rd period - Deflect By Trent Frederic.
15:54 of 3rd period - Stopped by Ilya Samsonov with a rebound.
16:14 of 3rd period - Wrist shot by Valeri Nichushkin.
16:14 of 3rd period - Shot Blocked by Ryan Reaves.
16:16 of 3rd period - Snap shot by William Karlsson.
16:16 of 3rd period - Stopped by John Gibson without a rebound.
16:17 of 3rd period - Ryan Hartman wins face-off versus Cole Perfetti in Los Angeles Kings zone.
16:20 of 3rd period - Backhand shot by Andreas Athanasiou.
16:20 of 3rd period - Shot Blocked by K'Andre Miller.
16:28 of 3rd period - Zachary Werenski is hit by Ryan Reaves and loses puck.
16:33 of 3rd period - Wrist shot by Ryan Reaves.
16:33 of 3rd period - Stopped by Ilya Samsonov with a rebound.
16:43 of 3rd period - Dylan Strome is hit by Andrei Svechnikov and loses puck.
16:48 of 3rd period - Snap shot by Andrei Svechnikov.
16:48 of 3rd period - Shot Blocked by Valeri Nichushkin.
17:04 of 3rd period - Slapshot by Noah Dobson.
17:04 of 3rd period - Shot Blocked by Ilya Mikheyev.
17:06 of 3rd period - Wrist shot by Vitali Kravtsov.
17:06 of 3rd period - Stopped by Ilya Samsonov without a rebound.
17:07 of 3rd period - John Hayden wins face-off versus Cooper Marody in San Jose Sharks zone.
17:07 of 3rd period - John Hayden is hit by Jakub Zboril.
17:10 of 3rd period - Minor Penalty to John Hayden for Cross-checking.
17:11 of 3rd period - Adam Henrique wins face-off versus Alexander Radulov in San Jose Sharks zone.
19:10 of 3rd period - Penalty to John Hayden is over, John Hayden is back on ice.
19:17 of 3rd period - Los Angeles Kings, John Gibson is pulled from the net.
19:21 of 3rd period - Wrist shot by Ryan Reaves.
19:21 of 3rd period - Stopped by Ilya Samsonov with a rebound.
19:39 of 3rd period - Wrist shot by Ryan Hartman.
19:39 of 3rd period - Goal by Ryan Hartman - San Jose Sharks : 4 - Los Angeles Kings : 2.
19:39 of 3rd period - John Gibson from Los Angeles Kings was sent back in the game.
19:40 of 3rd period - Cole Perfetti wins face-off versus Ryan Hartman in neutral zone.
19:53 of 3rd period - Wrist shot by Cole Perfetti.
19:53 of 3rd period - Shot Blocked by Zachary Werenski.
Goals for this period are 1 for San Jose Sharks vs 2 for Los Angeles Kings.
Shots for this period are 10 for San Jose Sharks vs 11 for Los Angeles Kings.